cohdb
Replays
Latest Replays
All Replays
Popular Replays
Top Player Replays
Match Explorer
How It Works
Community
CoH3 Stats
Reddit
Sign in to upload your games and track your stats! →
Sign in with Steam
Match 41713626
Unlisted
Match 41713626
Overview
Messages
Build Orders
End
Royal Engineer Section
Construct Section Command Post
Infantry Section
Selects Air and Sea Battlegroup
Infantry Section
ML 3-inch Mortar Team
Construct Platoon Command Post
Humber Armored Car
Selects Commando Section Paradrop
Commando Section Paradrop
Selects M1 Pack Howitzer Paradrop
Selects Supply Surplus
Construct Resource Cache
Construct Company Command Post
ML 3-inch Mortar Team
M1 Pack Howitzer Paradrop
Construct Resource Cache
Crusader II Medium Tank
Grenade Package
Crusader II Medium Tank
6-pounder Anti-tank Gun Team
Selects Anti-tank Rocket Loiter
Anti-tank Rocket Loiter
Leeroy
Tubby
Mo-J
Wheeler
0
0
Comments
sign in to comment!
No comments posted yet!